 Dungeon Crawl Stone Soup version 0.22-a0-248-gc8378ba (webtiles) character file.

76794 Amnesiac the Fetichist (level 15, -2/92 HPs)
             Began as a Deep Elf Berserker on Feb 28, 2018.
             Was a High Priest of Trog.
             Slain by a white very ugly thing (12 damage)
             ... on level 2 of the Abyss.
             The game lasted 01:03:56 (24243 turns).

Amnesiac the Fetichist (Deep Elf Berserker)        Turns: 24243, Time: 01:03:57

Health: -2/92      AC: 23    Str: 19    XL:     15   Next: 13%
Magic:  12/12      EV: 13    Int: 20    God:    Trog [*****.]
Gold:   514        SH: 14    Dex: 20    Spells: 14/14 levels left

rFire    . . .     SeeInvis .   a - +9 quick blade (antimagic)
rCold    + . .     Gourm    .   m - +2 shield
rNeg     . . .     Faith    .   F - +1 chain mail {rF+}
rPois    .         Spirit   .   g - +2 helmet
rElec    .         Reflect  .   p - +0 cloak
rCorr    .         Harm     .   D - +1 pair of gloves
MR       +++..                  z - +2 pair of boots
Stlth    ..........             R - amulet of the acrobat
HPRegen  1.00/turn              C - ring "Qatel" {MP+9 Int+6 Dex+6}
MPRegen  0.13/turn              V - ring of ice

@: about to teleport, recuperating, diseased
A: no striking features
a: Berserk, Trog's Hand, Brothers in Arms, Renounce Religion


You were on level 2 of the Abyss.
You worshipped Trog.
Trog was extremely pleased with you.
You were hungry.

You visited 4 branches of the dungeon, and saw 19 of its levels.
You visited the Abyss 1 time.

You collected 2034 gold pieces.
You spent 1520 gold pieces at shops.

Inventory:

Hand Weapons
 a - a +9 antimagic quick blade (weapon)
 b - a +1 scimitar of flaming
 i - a +8 hunting sling of freezing
 v - a +0 hunting sling
 w - a +5 blowgun
Missiles
 j - 161 sling bullets
 r - 537 stones (quivered)
 t - 10 javelins
 E - 45 poisoned needles
Armour
 g - a +2 helmet (worn)
 m - a +2 shield (worn)
 p - a +0 cloak (worn)
 z - a +2 pair of boots (worn)
 D - a +1 pair of gloves (worn)
 F - a +1 chain mail of fire resistance (worn)
Jewellery
 C - the ring "Qatel" (left hand) {MP+9 Int+6 Dex+6}
   (You found it on level 6 of the Dungeon)

   [ring of intelligence]

   It affects your intelligence (+6).
   It affects your dexterity (+6).
   It affects your magic capacity (+9).
 M - an uncursed ring of protection from magic {unknown}
 Q - a +3 amulet of reflection {unknown}
 R - an amulet of the acrobat (around neck)
 S - a +2 ring of evasion
 V - a ring of ice (right hand)
Wands
 h - a wand of polymorph (8)
 n - a wand of clouds (1)
 s - a wand of random effects (36)
 H - a wand of flame (61)
 J - a wand of scattershot (6)
 L - a wand of disintegration (18)
 U - a wand of acid (4)
Scrolls
 d - a scroll of immolation {!r}
 l - 3 scrolls of fear {!r}
 o - 3 scrolls of fog {!r}
 x - 3 scrolls of magic mapping {!r}
 y - a scroll of vulnerability {!r}
 B - a scroll of blinking {!r}
 G - a scroll of enchant armour {!r}
 N - 6 scrolls of teleportation {!r}
 P - 6 scrolls of remove curse {!r}
 Y - 2 scrolls of identify {!r}
Potions
 e - a potion of might {!q}
 k - 3 potions of haste {!q}
 q - 3 potions of curing {!q}
 A - 4 potions of flight {!q}
 K - 3 potions of lignification {!q}
 O - a potion of berserk rage {!q}
 T - a potion of brilliance {!q}
Miscellaneous
 u - a phial of floods
 I - 2 boxes of beasts
 X - a lamp of fire
Comestibles
 c - 32 rations
 f - 6 chunks of flesh


   Skills:
 - Level 10.0 Fighting
 - Level 8.1 Short Blades
 * Level 6.3 Throwing
 - Level 10.0 Armour
 - Level 10.0 Dodging
 - Level 10.0 Shields
 - Level 15.0 Evocations


You had 14 spell levels left.
You didn't know any spells.

Dungeon Overview and Level Annotations

Branches:
Dungeon (15/15) Temple (1/1) D:7 Lair (0/6) D:11 Orc (2/2) D:11 Elf (1/3) Orc:2 Vaults (0/5) D:12 D:13 Depths (0/5) D:15

Altars:
Ashenzari
Cheibriados
Dithmenos
Elyvilon
Fedhas
Gozag
Hepliaklqana
Kikubaaqudgha
Makhleb
Nemelex Xobeh
Okawaru
Qazlal
Ru
Sif Muna
Trog
Uskayaw
Vehumet
Wu Jian
Xom
Yredelemnul
Zin
The Shining One

Shops:
D:15 }   Orc:2 !((?


Message History

A raiju comes into view.
The raiju barks!
You puncture the raiju!
The raiju's magic leaks into the air.
The raiju is lightly wounded.
You hear a horrible gurgling sound!
Okay, then.
The raiju looks sick.
You are feeling hungry.
A raiju comes into view.
You feel ill.
Really read
N - 7 scrolls of teleportation {!r}?
As you read the scroll of teleportation {!r}, it crumbles to dust.
You feel strangely unstable.
You feel the power of the Abyss delaying your translocation!
The ancient zyme misses you. x2
You hit the ancient zyme.
The ancient zyme is lightly damaged.
You block the ancient zyme's attack. The ancient zyme barely misses you.
You barely miss the ancient zyme.
The ancient zyme is lightly damaged.
You puncture the ancient zyme!
The ancient zyme is lightly damaged.
You barely miss the ancient zyme.
The ancient zyme is lightly damaged.
You block the ancient zyme's attack.
The ancient zyme hits you but does no damage.
Unknown command.
You hit the ancient zyme.
The ancient zyme is moderately damaged.
You barely miss the ancient zyme.
The ancient zyme is moderately damaged.
You hit the ancient zyme but do no damage.
The ancient zyme is moderately damaged.
You block the ancient zyme's attack. The ancient zyme closely misses you.
You hit the ancient zyme.
The ancient zyme is moderately damaged.
You puncture the ancient zyme!
The ancient zyme is heavily damaged.
You hit the ancient zyme.
The ancient zyme is heavily damaged.
You block the ancient zyme's attack.
The ancient zyme hits you but does no damage.
Your shield and chain mail prevent you from hitting the ancient zyme.
The ancient zyme is heavily damaged.
You puncture the ancient zyme!
The ancient zyme is severely damaged.
You puncture the ancient zyme!
The ancient zyme is almost destroyed.
You block the ancient zyme's attack. The ancient zyme barely misses you.
You hit the ancient zyme.
You destroy the ancient zyme!
Trog accepts your kill.
Put on which piece of jewellery? (? for menu, Esc to quit)
You're wearing all the rings you can.
Remove which one? (? for menu, Esc to cancel) < or
C - the ring "Qatel" {MP+9 Int+6 Dex+6} > or
S - a +2 ring of evasion You remove your +2 ring of evasion.
You feel more attuned to ice.
V - a ring of ice (right hand)
The white very ugly thing tail-slaps you!
* * * LOW HITPOINT WARNING * * *
The white very ugly thing freezes you! You resist.
You die...

. . # # . #. .
# . . #. . ## #
# ### .#..# .
###@# #. . .
#.u## #..# #.
.....##..#.....
#. ##### #.#...
. . . . #
###x#u.#....# .
.#.#. #.#
.####. # ##
#.#. . ## ..
4#.. ... .#.h.
# #†
#..#.....#.##


You could see a white very ugly thing.

Vanquished Creatures
  Rupert (D:12)
  Frances (Orc:2)
  An orc warlord (Orc:1)
  A deep elf demonologist (Elf:1)
  A dire elephant (D:15)
  An ettin (Orc:2)
  Erolcha (D:12)
  7 hydras
  9 two-headed ogres
  A death knight (D:12)
  A dancing weapon (Elf:1)
  5 centaur warriors
  An ogre mage (D:12)
  2 orc high priests (Orc:2)
  2 tengu warriors
  Urug (D:12)
  A thrashing horror (Abyss:2)
  2 deep elf knights
  2 large abominations (Abyss:2)
  3 starcursed masses (Abyss:2)
  A skeletal warrior (D:13)
  An unseen horror (D:13)
  2 deep elf archers
  A swamp dragon (shapeshifter) (Elf:1)
  2 phantasmal warriors (D:12)
  A wizard (D:15)
  4 orc knights (Orc:2)
  6 ugly things
  2 wolf spiders
  7 deep elf magi (Elf:1)
  A cyclops (D:15)
  2 manticores
  2 orc sorcerers (Orc:2)
  Maurice (D:11)
  4 gargoyles
  A smoke demon (Abyss:2)
  2 yaktaurs (D:13)
  A komodo dragon (D:13)
  2 efreet
  An ancient zyme (Abyss:2)
  A queen bee (shapeshifter) (D:15)
  7 trolls
  A hippogriff (D:9)
  5 raiju (Abyss:2)
  A raiju (shapeshifter) (D:14)
  11 slime creatures (D:15)
  2 dream sheep (D:8)
  A meliai zombie (D:14)
  2 centaur simulacra
  3 wraiths
  31 yaks
  A vampire (D:13)
  2 wyverns
  A basilisk (D:13)
  2 hungry ghosts
  16 humans
  2 acid dragons
  A water moccasin (D:8)
  2 hell hounds (D:11)
  3 eyes of draining
  3 ice beasts (D:5)
  4 sky beasts
  22 orc warriors
  2 phantoms
  3 necrophages
  19 centaurs
  9 ogres
  4 big kobolds
  A wyvern zombie (D:12)
  8 bullfrogs
  4 scorpions
  9 killer bees
  5 howler monkeys
  9 wights
  6 centaur zombies
  7 crimson imps
  A quasit (D:9)
  2 bullfrog zombies
  6 hounds
  25 orc wizards
  Crazy Yiuf (D:2)
  4 centaur skeletons
  3 jellies
  12 orc priests
  2 small abominations (Abyss:2)
  4 bullfrog skeletons
  3 iguanas
  12 worker ants
  Natasha (thrice) (D:2)
  2 hound skeletons
  4 gnolls
  11 adders
  5 shadow imps
  An adder skeleton (D:7)
  2 worms
  5 leopard geckos
  84 orcs
  6 giant cockroaches
  11 goblins
  9 hobgoblins
  13 jackals
  6 quokkas
  5 bats
  4 frilled lizards
  A giant cockroach zombie (D:6)
  9 kobolds
  2 leopard gecko zombies
  11 rats
567 creatures vanquished.

Vanquished Creatures (collateral kills)
  An orc high priest (Orc:2)
  An orc sorcerer (Orc:2)
  An acid dragon (D:9)
3 creatures vanquished.

Vanquished Creatures (others)
  A bullfrog (D:6)
  A hound (D:6)
  An orc wizard (D:6)
  2 orcs
5 creatures vanquished.

Grand Total: 575 creatures vanquished

Notes
Turn   | Place    | Note
-------+----------+-------------------------------------------
     0 | D:1      | Amnesiac the Deep Elf Berserker began the quest for the Orb.
     0 | D:1      | Reached XP level 1. HP: 13/13 MP: 3/3
   171 | D:1      | Reached XP level 2. HP: 17/18 MP: 4/4
   493 | D:3      | Reached XP level 3. HP: 15/22 MP: 5/5
   813 | D:3      | Reached ** piety under Trog
  1007 | D:3      | Reached XP level 4. HP: 23/27 MP: 6/6
  2014 | D:2      | Noticed Natasha
  2022 | D:2      | Killed Natasha
  2267 | D:2      | Reached skill level 5 in Short Blades
  2267 | D:2      | Reached XP level 5. HP: 31/31 MP: 7/7
  2484 | D:2      | Noticed a centaur
  2492 | D:2      | Killed a centaur
  2779 | D:2      | Noticed Natasha
  2786 | D:2      | Killed Natasha
  2786 | D:2      | Reached *** piety under Trog
  2786 | D:2      | Reached XP level 6. HP: 36/36 MP: 8/8
  2830 | D:2      | Found a runed door.
  3000 | D:2      | Noticed Crazy Yiuf
  3009 | D:2      | Killed Crazy Yiuf
  3434 | D:2      | Noticed Natasha
  3444 | D:2      | Killed Natasha
  3582 | D:3      | Found a sparkling altar of Nemelex Xobeh.
  5202 | D:4      | Found a hazy altar of Hepliaklqana.
  5205 | D:4      | Found a shattered altar of Ashenzari.
  5212 | D:4      | Found an iron altar of Okawaru.
  5217 | D:4      | Found a snail-covered altar of Cheibriados.
  5219 | D:4      | Found a glowing silver altar of Zin.
  5220 | D:4      | Found a bloodstained altar of Trog.
  6050 | D:5      | Entered Level 5 of the Dungeon
  6050 | D:5      | Noticed an ice beast
  6064 | D:5      | Killed an ice beast
  6064 | D:5      | Reached XP level 7. HP: 40/40 MP: 9/9
  6700 | D:5      | Reached XP level 8. HP: 41/47 MP: 10/10
  7064 | D:6      | Got a pitted platinum ring
  7069 | D:6      | Identified the ring "Qatel" {MP+9 Int+6 Dex+6} (You found it on level 6 of the Dungeon)
  7157 | D:5      | Reached **** piety under Trog
  7455 | D:6      | Found a shimmering altar of Xom.
  7487 | D:6      | Found a stormy altar of Qazlal.
  7626 | D:6      | Found a blossoming altar of Fedhas.
  8051 | D:7      | Found a staircase to the Ecumenical Temple.
  8151 | Temple   | Entered the Ecumenical Temple
  8246 | D:7      | Reached skill level 5 in Armour
  8309 | D:7      | Reached skill level 5 in Fighting
  8309 | D:7      | Reached skill level 5 in Dodging
  8362 | D:7      | Reached XP level 9. HP: 54/54 MP: 11/11
  9172 | D:7      | Reached skill level 1 in Evocations
  9181 | D:7      | Reached skill level 2 in Evocations
  9430 | D:8      | Reached skill level 3 in Evocations
  9462 | D:8      | Found a shattered altar of Ashenzari.
  9583 | D:8      | Reached skill level 4 in Evocations
  9614 | D:8      | Reached skill level 5 in Shields
  9614 | D:8      | Reached XP level 10. HP: 15/63 MP: 15/15
 10152 | D:8      | Found an opulent altar of Gozag.
 10232 | D:8      | Reached skill level 5 in Evocations
 10573 | D:8      | Reached XP level 11. HP: 55/68 MP: 16/16
 10656 | D:8      | Noticed a three-headed hydra
 10661 | D:8      | Killed a one-headed hydra
 11043 | D:9      | Reached ***** piety under Trog
 11779 | D:10     | Entered Level 10 of the Dungeon
 12433 | D:10     | Noticed a tengu warrior
 12458 | D:10     | Killed a tengu warrior
 12948 | D:11     | Noticed an eight-headed hydra
 13401 | D:11     | Found a staircase to the Lair.
 13658 | D:11     | Noticed a centaur warrior
 13951 | D:11     | Noticed a two-headed ogre
 13983 | D:11     | Killed a two-headed ogre
 14023 | D:11     | Found a staircase to the Orcish Mines.
 14072 | D:11     | Noticed Maurice
 14081 | D:11     | Reached XP level 12. HP: 75/75 MP: 17/17
 14112 | D:11     | Killed Maurice
 14540 | D:11     | Identified the Papyrus of Changing and Sinister Rituals
 14595 | D:11     | Killed a 12-headed hydra
 14617 | D:11     | Killed a centaur warrior
 14617 | D:11     | Reached skill level 6 in Evocations
 14895 | D:11     | Reached skill level 7 in Evocations
 15009 | D:12     | Noticed Erolcha
 15021 | D:12     | Killed Erolcha
 15031 | D:12     | Noticed a four-headed hydra
 15045 | D:12     | Killed a one-headed hydra
 15045 | D:12     | Reached skill level 8 in Evocations
 15194 | D:12     | Noticed a two-headed ogre
 15199 | D:12     | Noticed a two-headed ogre
 15201 | D:12     | Received a gift from Trog
 15205 | D:12     | Noticed a two-headed ogre
 15208 | D:12     | Killed a two-headed ogre
 15209 | D:12     | Noticed a two-headed ogre
 15215 | D:12     | Noticed an ogre mage
 15215 | D:12     | Reached skill level 9 in Evocations
 15221 | D:12     | Killed a two-headed ogre
 15227 | D:12     | Killed a two-headed ogre
 15236 | D:12     | Killed a two-headed ogre
 15250 | D:12     | Killed an ogre mage
 15818 | D:12     | Noticed a death knight
 15882 | D:12     | Killed a death knight
 15882 | D:12     | Reached XP level 13. HP: 53/80 MP: 9/22
 16029 | D:12     | Reached skill level 10 in Evocations
 16478 | D:13     | Found a gate to the Vaults.
 16478 | D:13     | Noticed Urug
 16629 | D:13     | Noticed Rupert
 16639 | D:12     | Reached skill level 11 in Evocations
 16730 | D:12     | Killed Rupert
 16832 | D:12     | Killed Urug
 16944 | D:12     | Reached skill level 12 in Evocations
 17736 | D:13     | Reached skill level 13 in Evocations
 17743 | D:13     | Reached ****** piety under Trog
 18364 | D:13     | Received a gift from Trog
 18539 | D:13     | Reached skill level 14 in Evocations
 18980 | D:14     | Reached XP level 14. HP: 80/86 MP: 12/27
 19392 | D:15     | Entered Level 15 of the Dungeon
 20074 | D:15     | Reached skill level 15 in Evocations
 20252 | D:15     | Found Nuopuidd's Gadget Shop.
 20255 | D:15     | Bought a box of beasts for 300 gold pieces
 20497 | D:15     | Found a staircase to the Depths.
 20883 | Orc:1    | Entered Level 1 of the Orcish Mines
 21221 | Orc:2    | Entered Level 2 of the Orcish Mines
 21483 | Orc:2    | Noticed an orc warlord
 21638 | Orc:2    | Received a gift from Trog
 21746 | Orc:1    | Killed an orc warlord
 22366 | Orc:2    | Found a staircase to the Elven Halls.
 22515 | Orc:2    | Found Vurec's Distillery.
 22515 | Orc:2    | Found Ciceisai's Magic Scroll Emporium.
 22541 | Orc:2    | Found Icumaseq's Weapon Boutique.
 22541 | Orc:2    | Found Tifen's Antique Weapon Emporium.
 22566 | Orc:2    | Bought a runed blowgun for 110 gold pieces
 22703 | Orc:2    | Received a gift from Trog
 22940 | D:15     | Bought a wand of scattershot (6) for 450 gold pieces
 22940 | D:15     | Bought a box of beasts for 300 gold pieces
 23096 | Orc:2    | Bought a runed fustibalus for 360 gold pieces
 23196 | Elf:1    | Entered Level 1 of the Elven Halls
 23232 | Elf:1    | Reached skill level 10 in Dodging
 23243 | Elf:1    | Reached skill level 10 in Fighting
 23243 | Elf:1    | Reached skill level 10 in Armour
 23249 | Elf:1    | Reached skill level 10 in Shields
 23256 | Elf:1    | Reached skill level 1 in Throwing
 23375 | Elf:1    | Noticed Frances
 23705 | Orc:2    | Killed Frances
 23759 | Orc:2    | Reached XP level 15. HP: 92/92 MP: 12/28
 23837 | Elf:1    | Reached skill level 5 in Throwing
 23840 | Elf:1    | Noticed a deep elf sorcerer
 23861 | Elf:1    | Cast into level 2 of the Abyss (a deep elf sorcerer)
 24163 | Abyss:2  | Identified a paperback manual
 24243 | Abyss:2  | Slain by a white very ugly thing

Vault maps used:
D:1:      lemuel_arrival_funnel
D:2:      cheibrodos_gnoll_hut, uniq_crazy_yiuf_cottage, uniq_natasha
D:3:      nemelex_xobeh_ov_fountains_minmay
D:4:      minitemple
D:5:      first_ration, dk_vineyard_2, grunt_decor_resistance
D:6:      old_standard_altar, fedhas_altar_fruit_tree, xom_confusion_cloud
D:7:      temple_pool_b
D:8:      nicolae_gozag_cash_rules_everything_around_me, hangedman_ranch,
          ashenzari_altar_1
D:9:      serial_column_ruins, column_ruins_open_large, column_ruins_open_tiny,
          column_ruins_grid_1, column_ruins_columns_corner
D:11:     minmay_wavy_crystal, minmay_lair_entry_lava, minivault_24,
          nicolae_benzene_ring, uniq_maurice
D:12:     uniq_erolcha
D:13:     minmay_open_boxes_in_corner, david_vaults_3, roderic_roman_lattice
D:14:     minmay_misc_feat_enclosed
D:15:     hangedman_depths_entry_try_elsewhere_first, serial_shops, shop
Temple:   nicolae_temple_x_marks_the_god
Orc:1:    nicolae_orc_accident_2, statue_in_the_mist_lemuel
Orc:2:    grunt_orc_tribal_feast
Elf:1:    serial_shops, shop, hangedman_elven_crosses_minicolossus, spider_trap,
          uniq_frances

Skill      XL: |  1  2  3  4  5  6  7  8  9 10 11 12 13 14 15 |
---------------+----------------------------------------------+-----
Short Blades   | 4 5 6 7 8 |  8.1
Armour         | 2 3 5 7 8 9 10 | 10.0
Fighting       | 3 5 7 8 9 10 | 10.0
Dodging        | 3 5 8 9 10 | 10.0
Evocations     | 4 5 9 14 15 | 15.0
Shields        | 5 8 9 10 | 10.0
Throwing       | 4 6 |  6.3

Action                   |  1- 3 |  4- 6 |  7- 9 | 10-12 | 13-15 || total
-------------------------+-------+-------+-------+-------+-------++-------
Melee: Short sword       |    92 |   336 |   488 |    51 |       ||   967
       Dagger            |       |       |       |   180 |       ||   180
       Long sword        |       |       |       |   513 |       ||   513
       Falchion          |       |       |       |    45 |    28 ||    73
       Quick blade       |       |       |       |   203 |  1749 ||  1952
       Scimitar          |       |       |       |       |    14 ||    14
 Fire: Hunting sling     |       |       |       |       |    10 ||    10
Throw: Throwing net      |       |       |       |       |     1 ||     1
Invok: Berserk           |     4 |    11 |    17 |    16 |    28 ||    76
       Trog's Hand       |       |       |       |       |     5 ||     5
       Brothers in Arms  |       |       |       |       |     1 ||     1
Evoke: Wand              |       |       |       |    18 |    17 ||    35
       Phial of floods   |       |       |       |     1 |     3 ||     4
       Lamp of fire      |       |       |       |       |     1 ||     1
  Use: Potion            |       |       |     8 |     4 |     2 ||    14
       Scroll            |       |       |       |    16 |     5 ||    21
 Stab: Sleeping          |     1 |       |       |       |       ||     1
       Held in net/web   |       |       |       |       |     2 ||     2
  Eat: Chunk             |     4 |    25 |    27 |    36 |    50 ||   142
       Ration            |       |       |       |       |     2 ||     2
Armor: Animal skin       |     6 |       |       |       |       ||     6
       Leather armour    |     6 |    15 |       |       |       ||    21
       Plate armour      |       |   189 |   235 |   435 |    41 ||   900
       Skin              |       |       |     6 |    31 |       ||    37
       Chain mail        |       |       |       |       |   184 ||   184
Dodge: Dodged            |    47 |   122 |   105 |   189 |   342 ||   805
Block: Large shield      |       |       |    29 |   734 |     4 ||   767
       Shield            |       |       |       |       |   490 ||   490
       Rpst.: Long sword |       |       |       |    38 |       ||    38
       Falchion          |       |       |       |     2 |     6 ||     8
       Scimitar          |       |       |       |       |     2 ||     2

Table legend:
 A = Spawn XP
 B = Non-spawn XP
 C = Spawn XP percentage of total XP
 D = Spawn monster count
 E = Non-spawn monster count
 F = Spawn count percentage of total count
 G = Total turns spent on level
                    A         B        C        D         E        F      G
               +---------+---------+-------+---------+---------+-------+---------
         Total |    2994 |  101904 |   2.9 |      10 |     560 |   1.8 | 24243
               +---------+---------+-------+---------+---------+-------+---------
           D:1 |       0 |      37 |   0.0 |       0 |      23 |   0.0 |   846
           D:2 |       0 |     345 |   0.0 |       0 |      29 |   0.0 |  2349
           D:3 |       0 |     119 |   0.0 |       0 |      22 |   0.0 |  1595
           D:4 |       0 |     191 |   0.0 |       0 |      22 |   0.0 |  1392
           D:5 |       0 |    1203 |   0.0 |       0 |      22 |   0.0 |  1231
           D:6 |       0 |     259 |   0.0 |       0 |      13 |   0.0 |   479
           D:7 |       0 |    2112 |   0.0 |       0 |      27 |   0.0 |  1723
           D:8 |       0 |    3214 |   0.0 |       0 |      29 |   0.0 |  1121
           D:9 |       0 |    1639 |   0.0 |       0 |      19 |   0.0 |  1155
          D:10 |       0 |    3411 |   0.0 |       0 |      29 |   0.0 |  1169
          D:11 |       0 |    8585 |   0.0 |       0 |      53 |   0.0 |  1853
          D:12 |       0 |   21686 |   0.0 |       0 |      74 |   0.0 |  2193
          D:13 |       0 |   11595 |   0.0 |       0 |      45 |   0.0 |  1426
          D:14 |       0 |    7502 |   0.0 |       0 |      22 |   0.0 |   920
          D:15 |       0 |   13263 |   0.0 |       0 |      28 |   0.0 |  1510
        Temple |       0 |     124 |   0.0 |       0 |       1 |   0.0 |    96
         Orc:1 |       0 |    1742 |   0.0 |       0 |       8 |   0.0 |   582
         Orc:2 |       0 |   14478 |   0.0 |       0 |      77 |   0.0 |  1900
         Elf:1 |       0 |    8250 |   0.0 |       0 |      12 |   0.0 |   321
       Abyss:2 |    2994 |    2149 |  58.2 |      10 |       5 |  66.7 |   382
               +---------+---------+-------+---------+---------+-------+---------
